 Dungeon Crawl Stone Soup version 0.19-a0-1886-gd64a0f0 (webtiles) character file.

11008 Amnesiac the Basher (level 11, -6/130 HPs)
             Began as an Ogre Wizard on Oct 16, 2016.
             Was a High Priest of Okawaru.
             Shot with an arrow by a centaur (10 damage)
             ... on level 11 of the Dungeon.
             The game lasted 00:23:44 (14510 turns).

Amnesiac the Basher (Ogre Wizard)                  Turns: 14510, Time: 00:23:44

Health: -6/130     AC:  8    Str: 14    XL:     11   Next: 71%
Magic:  16/26      EV: 13    Int: 17    God:    Okawaru [*****.]
Gold:   762        SH:  0    Dex: 11    Spells: 5 memorised, 6 levels left

rFire  . . .     SeeInvis .     H - +0 dire flail (flame)
rCold  . . .     Gourm    .     N - +0 steam dragon scales
rNeg   . . .     Faith    .     (shield currently unavailable)
rPois  +         Spirit   .     b - +1 hat
rElec  .         Dismiss  .     s - +0 cloak
rCorr  .         Reflect  .     (gloves unavailable)
MR     +....     Harm     .     (boots unavailable)
Stlth  ++........               m - amulet of rage
                                K - ring of poison resistance
                                n - ring of magical power

@: very slightly contaminated
A: unfitting armour, talons 1, tough skin 1
a: Heroism, Finesse, Renounce Religion, Evoke Berserk Rage


You were on level 11 of the Dungeon.
You worshipped Okawaru.
Okawaru was extremely pleased with you.
You were not hungry.

You visited 2 branches of the dungeon, and saw 12 of its levels.

You collected 762 gold pieces.

Inventory:

Hand Weapons
 H - a +0 dire flail of flaming (weapon)
Missiles
 l - 2 throwing nets (quivered)
Armour
 b - a +1 hat (worn)
 s - a +0 cloak (worn)
 F - a +2 robe of magic resistance
 G - a +0 shield
 N - +0 steam dragon scales (worn)
Jewellery
 f - an uncursed ring of resist corrosion
 m - an amulet of rage (around neck)
 n - a ring of magical power (left hand)
 K - a ring of poison resistance (right hand)
Wands
 p - a wand of confusion (27/48)
 E - a wand of lightning (15/15)
Scrolls
 e - 2 scrolls of amnesia
 j - 6 scrolls of remove curse
 r - a scroll of identify
 w - 2 scrolls of teleportation
 y - 4 scrolls of magic mapping
 A - a scroll of fog
Potions
 a - a potion of resistance
 c - a potion of agility
 g - 2 potions of brilliance
 i - 5 potions of haste
 k - a potion of cure mutation
 q - 3 potions of invisibility
 x - 4 potions of curing
 B - a potion of ambrosia
 C - 2 potions of might
 D - a potion of cancellation
Books
 o - a book of Necromancy

   Spells                             Type                      Level
   a - Pain                           Necromancy                   1
   b - Animate Skeleton               Necromancy                   1
   c - Vampiric Draining              Necromancy                   3
   d - Regeneration                   Charms/Necromancy            3
   e - Animate Dead                   Necromancy                   4
   f - Control Undead                 Necromancy                   4
 t - a book of Minor Magic

   Spells                             Type                      Level
   a - Magic Dart                     Conjuration                  1
   b - Blink                          Translocation                2
   c - Call Imp                       Summoning                    2
   d - Repel Missiles                 Charms/Air                   2
   e - Slow                           Hexes                        2
   f - Conjure Flame                  Conjuration/Fire             3
   g - Mephitic Cloud                 Conjuration/Poison/Air       3
 M - a book of Clouds

   Spells                             Type                      Level
   a - Mephitic Cloud                 Conjuration/Poison/Air       3
   b - Conjure Flame                  Conjuration/Fire             3
   c - Poisonous Cloud                Conjuration/Poison/Air       6
   d - Freezing Cloud                 Conjuration/Ice/Air          6
   e - Ring of Flames                 Charms/Fire                  7
Comestibles
 d - 5 bread rations
 h - 6 meat rations
 u - 9 fruits
 v - 5 beef jerkies
 J - 7 royal jellies


   Skills:
 - Level 14.0 Fighting
 - Level 14.0 Maces & Flails
 + Level 7.4 Dodging
 - Level 1.4 Stealth
 - Level 4.0 Spellcasting
 - Level 2.0 Conjurations
 - Level 0.6 Summonings
 - Level 0.6 Translocations
 - Level 1.0 Fire Magic
 - Level 1.0 Air Magic


You had 6 spell levels left.
You knew the following spells:

 Your Spells              Type           Power        Failure   Level  Hunger
a - Repel Missiles        Chrm/Air       #.....       21%         2    ##.....
b - Blink                 Tloc           N/A          21%         2    ##.....
d - Call Imp              Summ           #.......     21%         2    ##.....
e - Mephitic Cloud        Conj/Pois/Air  #.......     30%         3    ###....
s - Conjure Flame         Conj/Fire      #.......     24%         3    ###....


Dungeon Overview and Level Annotations

Branches:
Dungeon (11/15)            Temple (1/1) D:4
   Lair: D:8-11         Orc: D:9-12

Altars:
Ashenzari
Cheibriados
Dithmenos
Elyvilon
Fedhas
Gozag
Hepliaklqana
Kikubaaqudgha
Makhleb
Nemelex Xobeh
Okawaru
Qazlal
Ru
Sif Muna
Trog
Uskayaw
Vehumet
Xom
Yredelemnul
Zin
The Shining One


Innate Abilities, Weirdness & Mutations

You are too large for most types of armour.
You have tough skin. (AC +1)
You have sharp toenails.


Message History

Confirm with . or Enter, or press ? or * to list all spells.
You don't know that spell.
Unknown command.
Casting: Mephitic Cloud
Confirm with . or Enter, or press ? or * to list all spells.
Aiming: Mephitic Cloud
Press: ? - help, Shift-Dir - straight line, f - rime drake
Aim: a rime drake You miscast Mephitic Cloud.
You feel a strange surge of energy!
Your surroundings suddenly seem different.
The rime drake misses you.
A centaur comes into view.
Unknown command.
Blink to where?
Press: ? - help, Dir - move target cursor
As you read the scroll of blinking, it crumbles to dust.
The rime drake breathes ice at you. The flash freeze misses you.
The centaur shoots an arrow.
The arrow hits you!
You die...

#k##..# #.### #.###..# #J##ck#
#... .......#### #.##..#####.#
#.##......##
#.##........#####.##....#...
#.##......................##
#.................###..##..##.##
###....................##..##.#
####........#...............#
####.######@########.##### ...#
#.########.# ##### #......>...#
############


You could see a rime drake and a centaur.

Vanquished Creatures
  2 unseen horrors (D:10)
  Pikel (D:4)
  3 hill giants
  Psyche (D:10)
  3 two-headed ogres
  4 hornets
  3 hippogriffs
  5 yaks (D:10)
  2 hungry ghosts
  Grum (D:8)
  A steam dragon (D:10)
  A water moccasin (D:7)
  4 slaves (D:4)
  3 ice beasts
  2 sky beasts
  A black bear (D:9)
  A phantom (D:7)
  A centaur (D:7)
  5 ogres
  3 wolves (D:8)
  A crocodile (D:10)
  A big kobold (D:7)
  3 bullfrogs
  A gnoll sergeant (D:9)
  23 killer bees
  3 wights
  A bullfrog zombie (D:9)
  6 crimson imps
  6 orc wizards
  3 centaur skeletons
  7 hounds
  A jelly (D:7)
  2 quasits
  6 bullfrog skeletons
  3 orc priests
  4 iguanas
  Natasha (thrice) (D:2)
  9 worker ants
  A hound skeleton (D:5)
  A worker ant zombie (D:4)
  7 gnolls
  2 howler monkey skeletons
  9 adders
  An ooze (D:4)
  An adder zombie (D:9)
  An adder skeleton (D:8)
  3 worms
  3 dart slugs
  5 leopard geckos
  34 orcs
  4 giant cockroaches
  13 goblins
  6 hobgoblins
  7 jackals
  11 kobolds
  8 quokkas
  3 ball pythons
  7 bats
  6 frilled lizards
  3 jackal skeletons
  A quokka skeleton (D:5)
  A quokka zombie (D:5)
  6 rats
274 creatures vanquished.

Vanquished Creatures (collateral kills)
  Menkaure (D:5)
  A sky beast (D:5)
  3 killer bees
5 creatures vanquished.

Vanquished Creatures (others)
  A killer bee (D:10)
  An orc wizard (D:6)
2 creatures vanquished.

Grand Total: 281 creatures vanquished

Notes
Turn   | Place    | Note
-------+----------+-------------------------------------------
     0 | D:1      | Amnesiac the Ogre Wizard began the quest for the Orb.
     0 | D:1      | Reached XP level 1. HP: 16/16 MP: 5/5
   267 | D:1      | Reached skill level 1 in Conjurations
   267 | D:1      | Reached XP level 2. HP: 19/24 MP: 0/7
   321 | D:1      | Learned a level 2 spell: Call Imp
   446 | D:2      | Reached skill level 1 in Fighting
   621 | D:3      | Reached skill level 1 in Maces & Flails
   816 | D:2      | HP: 1/27 [orc priest/divine providence (13)]
   817 | D:2      | Reached XP level 3. HP: 2/35 MP: 8/8
  1129 | D:2      | Reached XP level 4. HP: 29/42 MP: 10/10
  1223 | D:2      | Learned a level 3 spell: Mephitic Cloud
  1227 | D:2      | Learned a level 3 spell: Conjure Flame
  1230 | D:2      | Learned a level 2 spell: Repel Missiles
  1501 | D:4      | Reached XP level 5. HP: 46/50 MP: 4/11
  1809 | D:4      | Reached skill level 5 in Maces & Flails
  1877 | D:4      | Found a staircase to the Ecumenical Temple.
  1915 | Temple   | Entered the Ecumenical Temple
  1979 | Temple   | Became a worshipper of Warmaster Okawaru
  2018 | D:4      | Reached XP level 6. HP: 57/61 MP: 12/12
  2927 | D:2      | Found a shadowy altar of Dithmenos.
  3003 | D:2      | Noticed Natasha
  3010 | D:2      | Killed Natasha
  3257 | D:2      | Noticed Natasha
  3269 | D:2      | Killed Natasha
  3376 | D:2      | Noticed Natasha
  3384 | D:2      | Killed Natasha
  3532 | D:3      | Learned a level 2 spell: Blink
  4313 | D:4      | Reached XP level 7. HP: 62/68 MP: 13/13
  4344 | D:5      | Entered Level 5 of the Dungeon
  4371 | D:4      | Reached skill level 1 in Air Magic
  4523 | D:5      | Reached skill level 1 in Fire Magic
  4947 | D:5      | Noticed Pikel
  5212 | D:5      | Noticed Menkaure
  5238 | D:4      | Killed Pikel
  5238 | D:4      | Reached * piety under Okawaru
  5238 | D:4      | Reached skill level 10 in Maces & Flails
  5238 | D:4      | Reached XP level 8. HP: 38/78 MP: 14/14
  6174 | D:5      | Killed Menkaure
  6425 | D:5      | Gained mutation: You have a pair of small horns on your head. [mutagenic meat]
  6428 | D:5      | Gained mutation: Armour fits poorly on your strangely shaped body. [mutagenic meat]
  6431 | D:5      | Gained mutation: You are robust. (+10% HP) [mutagenic meat]
  6437 | D:5      | Gained mutation: You are clumsy. (Dex -2) [mutagenic meat]
  6440 | D:5      | Gained mutation: You are dopey. (Int -2) [mutagenic meat]
  6443 | D:5      | Gained mutation: You have sharp toenails. [mutagenic meat]
  6515 | D:5      | Found a glowing silver altar of Zin.
  6803 | D:7      | Reached ** piety under Okawaru
  7116 | D:6      | Reached skill level 5 in Fighting
  7116 | D:6      | Reached XP level 9. HP: 93/96 MP: 15/15
  8355 | D:7      | Reached *** piety under Okawaru
  9352 | D:7      | Lost mutation: You have a pair of small horns on your head. [potion of cure mutation]
  9352 | D:7      | Lost mutation: You are clumsy. (Dex -2) [potion of cure mutation]
  9352 | D:7      | Lost mutation: You are dopey. (Int -2) [potion of cure mutation]
  9352 | D:7      | Lost mutation: You are robust. (+10% HP) [potion of cure mutation]
  9352 | D:7      | Lost mutation: Armour fits poorly on your strangely shaped body. [potion of cure mutation]
  9410 | D:7      | Found an ancient bone altar of Kikubaaqudgha.
  9563 | D:8      | Reached **** piety under Okawaru
  9563 | D:8      | Reached XP level 10. HP: 75/106 MP: 16/16
  9860 | D:8      | Noticed Grum
  9908 | D:8      | Killed Grum
  9916 | D:8      | Reached skill level 10 in Fighting
 11272 | D:9      | Reached ***** piety under Okawaru
 12196 | D:10     | Entered Level 10 of the Dungeon
 12281 | D:10     | Reached XP level 11. HP: 117/128 MP: 17/17
 12303 | D:10     | Noticed a hill giant
 12309 | D:10     | Killed a hill giant
 12795 | D:10     | Killed an unseen horror
 12795 | D:10     | Received a gift from Okawaru
 13337 | D:10     | Noticed a hill giant
 13348 | D:10     | Killed a hill giant
 13348 | D:10     | Reached skill level 5 in Dodging
 13369 | D:10     | Noticed Psyche
 13379 | D:10     | Killed Psyche
 13920 | D:10     | Killed an unseen horror
 14476 | D:11     | Noticed a hill giant
 14490 | D:11     | Killed a hill giant
 14500 | D:11     | HP: 2/130 [centaur/arrow (11)]
 14510 | D:11     | Shot with an arrow by a centaur

Vault maps used:
D:1:      dpeg_arrival_more_subterranean_lakeside_camping,
          minmay_small_reverse_x
D:2:      nicolae_dithmenos_through_a_glass_darkly, minmay_tetromino_t2,
          uniq_natasha
D:5:      zin_treasury, first_bread, uniq_menkaure, uniq_pikel
D:7:      kiku_gazebo_garden_becter, minmay_bent
D:8:      uniq_grum
D:9:      hangedman_pestilent_swarm
D:10:     kennysheep_small_circle, uniq_psyche
D:11:     dpeg_lair_monsters, portal_ice_cave_rime, grunt_decor_fettered
Temple:   compressed_dpeg_circular_temple

Skill      XL: |  1  2  3  4  5  6  7  8  9 10 11 |
---------------+----------------------------------+-----
Spellcasting   | 4 |  4.0
Conjurations   | 1 2 |  2.0
Fighting       | 1 2 3 4 5 8 13 14 | 14.0
Maces & Flails | 2 3 4 5 6 10 12 14 | 14.0
Air Magic      | 1 |  1.0
Fire Magic     | 1 |  1.0
Dodging        | 7 |  7.4
Stealth        | |  1.4
Summonings     | |  0.6
Translocations | |  0.6

Action                   |  1- 3 |  4- 6 |  7- 9 | 10-12 || total
-------------------------+-------+-------+-------+-------++-------
Melee: Whip              |    53 |   187 |   278 |       ||   518
       Unarmed           |     3 |       |       |       ||     3
       Kick              |       |       |    61 |    94 ||   155
       Headbutt          |       |       |    33 |       ||    33
       Dire flail        |       |       |   231 |   394 ||   625
 Cast: Magic Dart        |    16 |    19 |       |       ||    35
       Call Imp          |     1 |       |     9 |       ||    10
       Repel Missiles    |       |     1 |       |       ||     1
       Conjure Flame     |       |     1 |     6 |     5 ||    12
       Blink             |       |     1 |     2 |     1 ||     4
       Mephitic Cloud    |       |       |    11 |    24 ||    35
Evoke: Wand              |       |       |    12 |       ||    12
  Use: Potion            |     2 |       |     2 |     1 ||     5
       Scroll            |       |     8 |    14 |     6 ||    28
 Stab: Distracted        |       |     2 |       |     2 ||     4
       Sleeping          |       |     2 |       |     2 ||     4
       Confused          |       |       |     6 |    10 ||    16
  Eat: Chunk             |     1 |    10 |    24 |    13 ||    48
       Fruit             |       |       |     1 |     2 ||     3
       Beef jerky        |       |       |     1 |       ||     1
       Pizza             |       |       |       |     2 ||     2
       Royal jelly       |       |       |       |     2 ||     2
Armor: Robe              |    17 |    36 |   113 |    61 ||   227
       Steam dragon scal |       |       |       |    25 ||    25
Dodge: Dodged            |    34 |    65 |   200 |   127 ||   426
       Deflected         |       |     1 |       |       ||     1
